 Dungeon Crawl Stone Soup version 0.29.0-4-gdea44cf6ec (webtiles) character file.

Game seed: 14195017665557858705

0 qw the Sneak (level 1, 0/14 HPs)
             Began as a Gargoyle Delver on Sept 10, 2022.
             Slain by a black bear (3 damage)
             ... on level 5 of the Dungeon.
             The game lasted 00:00:01 (40 turns).

qw the Sneak (Gargoyle Delver)                        Turns: 40, Time: 00:00:01

Health: 0/14       AC:  5    Str: 15    XL:     1   Next: 0%
Magic:  1/1        EV: 11    Int: 10    God:
Gold:   0          SH:  0    Dex: 11    Spells: 0/0 levels left

rFire   . . .      SeeInvis .   a - +0 hand axe
rCold   . . .      Faith    .   (no shield)
rNeg    + . .      Spirit   .   b - +0 leather armour
rPois   inf        Reflect  .   (no helmet)
rElec   +          Harm     .   (no cloak)
rCorr   .          Rampage  .   (no gloves)
Will    .....                   (no boots)
Stlth   +++.......              (no amulet)
HPRegen 0.04/turn               (no ring)
MPRegen 0.07/turn               (no ring)

@: no status effects
A: sickness immunity, AC +2, negative energy resistance 1, electricity
resistance, torment resistance 1, petrification resistance
a: no special abilities


You were on level 5 of the Dungeon.
You visited 1 branch of the dungeon, and saw 1 of its levels.


Innate Abilities, Weirdness & Mutations

You are immune to sickness and miasma.
Your stone body is resilient. (AC +2)
You are immune to poison.
You resist negative energy. (rN+)
You are resistant to electric shocks. (rElec)
You are resistant to unholy torment.
You are immune to petrification.


   Skills:
 - Level 3.2 Fighting
 + Level 1.7 Axes
 - Level 1.5 Dodging
 - Level 5.4 Stealth


You couldn't memorise any spells.
You didn't know any spells.
Your spell library was empty.

Inventory:

Hand Weapons
 a - a +0 hand axe (weapon)
Armour
 b - a +0 leather armour (worn)
 h - the +1 kite shield "Yvuowkek" {rF+ rN+ Stlth+}
   (You found it on level 5 of the Dungeon)

   rF:        It protects you from fire.
   rN:        It protects you from negative energy.
   Stlth:     It makes you more stealthy.
Wands
 g - a wand of digging (3)
Scrolls
 c - a scroll of fog
 d - a scroll of magic mapping
 e - a scroll of fear
Potions
 f - a potion of haste

Dungeon Overview and Level Annotations

Branches:
Dungeon (5/15)
 Temple: D:4-7

Altars:


Message History

Press ? for a list of commands and other information.
Found a stone staircase leading down.
Assign waypoint to what number? (0-9) Waypoint 2 assigned to D:5.
0 ||| PLANNING D:1-11
h - the +1 kite shield "Yvuowkek" {rF+ rN+ Stlth+}
Enter note:
Enter note:
Found a book of Geomancy.
A black bear comes into view.
The black bear growls angrily.
You hear a shout!
An ufetubus comes into view.
You hit the ufetubus.
The ufetubus is severely wounded.
The ufetubus hits you but does no damage.
The ufetubus misses you. x2
The ufetubus hits you but does no damage.
You completely miss the ufetubus.
The ufetubus is severely wounded.
The ufetubus barely misses you. The ufetubus misses you.
The ufetubus barely misses you. x2
You hit the ufetubus but do no damage.
The ufetubus is severely wounded.
You hit the black bear but do no damage.
The ufetubus closely misses you. The ufetubus hits you.
The black bear bites you.
The black bear claws you but does no damage. x2
A shadow imp comes into view.
You closely miss the ufetubus.
The ufetubus is severely wounded.
The shadow imp shouts!
You hit the black bear but do no damage.
The ufetubus misses you. The ufetubus closely misses you.
The black bear barely misses you. x2; The black bear misses you.
The ufetubus closely misses you. The ufetubus hits you.
You hit the ufetubus.
You kill the ufetubus!
You hit the black bear. The black bear bites you. The black bear claws you.
You die...

#.#.# #.# .... .. .#
#.#.# #.# #.#
........ .. ....
#.#.#.#.#.#.#5#
:...............
..#.#.#.#.#.#.#.#
#.......@.......
#.#.#.#.#h#.#.#.
#.............
#.#.#.#.#.#.#.
#######.............
.........#.#.#.#.#.#.
....................
.........########.#.
................. .


You could see a black bear and a shadow imp.

Vanquished Creatures
  An ufetubus (D:5)
1 creature vanquished.

Notes
Turn   | Place    | Note
-------+----------+-------------------------------------------
     0 | D:5      | qw the Gargoyle Delver began the quest for the Orb.
     0 | D:5      | Reached XP level 1. HP: 14/14 MP: 1/1
     0 | D:5      | 0 ||| qw: Version: 0.1-a-116-g5d60599
     0 | D:5      | 0 ||| qw: Game counter: 8254
     0 | D:5      | 0 ||| qw: Always use a shield: true
     0 | D:5      | 0 ||| qw: God list: Okawaru
     0 | D:5      | 0 ||| qw: Allow faded altars: false
     0 | D:5      | 0 ||| qw: Do Orc after D:15 true
     0 | D:5      | 0 ||| qw: Do second Lair branch before Depths: true
     0 | D:5      | 0 ||| qw: Lair rune preference: random
     0 | D:5      | 0 ||| qw: Plans: Normal
     0 | D:5      | 0 ||| PLANNING D:1-11
    23 | D:5      | Identified the +1 kite shield "Yvuowkek" {rF+ rN+ Stlth+}
    29 | D:5      | Noticed a black bear
    40 | D:5      | HP: 3/14 [black bear (2)]
    40 | D:5      | Slain by a black bear

Levels and vault maps discovered:
D:5:      layout_basic, mainiacjoe_overflow_brackets,
          mainiacjoe_overflow_six_doors_small, hex_large

Action                   || total
-------------------------++-------
Melee: Hand axe          ||     5
Armor: Leather armour    ||     4
Dodge: Dodged            ||    13

Table legend:
 A = Non-vault XP
 B = Vault XP
 C = Vault XP percentage of total XP
 D = Non-vault monster count
 E = Vault monster count
 F = Vault count percentage of total count
                 A         B        C        D         E       F
            +---------+---------+-------+---------+---------+-------
      Total |       8 |       0 |   0.0 |       1 |       0 |   0.0
            +---------+---------+-------+---------+---------+-------
        D:5 |       8 |       0 |   0.0 |       1 |       0 |   0.0
            +---------+---------+-------+---------+---------+-------
